PAAA
PLYMOUTH ROCKS @ CALGARY LYNX
05/08/2030
 
TOP OF THE 1ST
Plymouth Rocks batting - Pitching for Calgary Lynx : RHP José Marroquín
Pitching: RHP José Marroquín
Batting: LHB Edgardo De Jesús 0-0: Ball
1-0: Called Strike
1-1: Foul Ball, location: 2F
1-2: Fly out, F7 (Flyball, 7S)
Batting: SHB Raúl Duarte 0-0: Foul Ball, location: 2F
0-1: Ground out 4-3 (Groundball, 4)
Batting: LHB José Castillo 0-0: Ball
1-0: Swinging Strike
1-1: Fly out, F9 (Flyball, 9)
Top of the 1st over - 0 runs, 0 hits, 0 errors, 0 left on base; Plymouth 0 - Calgary 0
BOTTOM OF THE 1ST
Calgary Lynx batting - Pitching for Plymouth Rocks : LHP Zalontae Hillary
Pitching: LHP Zalontae Hillary
Batting: RHB Jing-sheng Joo 0-0: Called Strike
0-1: Ball
1-1: Ball
2-1: Fly out, F9 (Flyball, 89M)
Batting: LHB Francisco Santos 0-0: Ball
1-0: Ball
2-0: Ball
3-0: Base on Balls
Batting: RHB Alan Bryan 0-0: Foul Ball, location: 2F
0-1: Ball
1-1: Called Strike
1-2: Grounds into double play, 4-6-3 (Groundball, 4)
Bottom of the 1st over - 0 runs, 0 hits, 0 errors, 0 left on base; Plymouth 0 - Calgary 0
TOP OF THE 2ND
Plymouth Rocks batting - Pitching for Calgary Lynx : RHP José Marroquín
Batting: RHB Sadakuno Taketo 0-0: Ball
1-0: Fly out, F7 (Flyball, 7D)
Batting: RHB Cosmo Bjorkenheim 0-0: Ball
1-0: Ball
2-0: Ball
3-0: Called Strike
3-1: Fly out, F7 (Line Drive, 7LM)
Batting: RHB Hubert Dodson 0-0: Ground out U3 (Groundball, 34)
Top of the 2nd over - 0 runs, 0 hits, 0 errors, 0 left on base; Plymouth 0 - Calgary 0
BOTTOM OF THE 2ND
Calgary Lynx batting - Pitching for Plymouth Rocks : LHP Zalontae Hillary
Batting: RHB Jesús Martínez 0-0: Ball
1-0: Called Strike
1-1: Ball
2-1: Ball
3-1: Fly out, F7 (Flyball, 7D)
Batting: RHB Miguel Rosales 0-0: Ground out 5-3 (Groundball, 56)
Batting: RHB Álex Estrada 0-0: Ball
1-0: SINGLE (Line Drive, 9S)
Batting: RHB Juan Martínez 0-0: Ball
1-0: Fielders Choice at 2nd, 6-4 (Groundball, 6)
Bottom of the 2nd over - 0 runs, 1 hit, 0 errors, 1 left on base; Plymouth 0 - Calgary 0
TOP OF THE 3RD
Plymouth Rocks batting - Pitching for Calgary Lynx : RHP José Marroquín
Batting: LHB Koen van den Bogaert 0-0: Ball
1-0: Ball
2-0: Foul Ball, location: 2F
2-1: Ball
3-1: Ground out 1-3 (Groundball, 13S)
Batting: RHB Luis Guerrero 0-0: Ball
1-0: Foul Ball, location: 2F
1-1: Fly out, F7 (Flyball, 7)
Batting: SHB Raúl Rodríguez 0-0: Ball
1-0: Ball
2-0: Ball
3-0: Called Strike
3-1: Foul Ball, location: 2F
3-2: Base on Balls
Batting: LHB Edgardo De Jesús 0-0: Ball
1-0: Ball
2-0: Foul Ball, location: 2F
2-1: SINGLE (Flyball, 7LS)
Raúl Rodríguez to second
Batting: SHB Raúl Duarte 0-0: Ball
1-0: Ball
2-0: Foul Ball, location: 2F
2-1: Foul Ball, location: 2F
2-2: Ball
3-2: Base on Balls
Raúl Rodríguez to third
Edgardo De Jesús to second
Batting: LHB José Castillo 0-0: Ball
1-0: Called Strike
1-1: Fielders Choice at 2nd, 6-4 (Groundball, 6)
Top of the 3rd over - 0 runs, 1 hit, 0 errors, 3 left on base; Plymouth 0 - Calgary 0
BOTTOM OF THE 3RD
Calgary Lynx batting - Pitching for Plymouth Rocks : LHP Zalontae Hillary
Batting: RHB Ieyoshi Yamamoto 0-0: Called Strike
0-1: Foul Ball, location: 2F
0-2: Ground out 6-3 (Groundball, 6)
Batting: RHB Michael Garrett 0-0: Fly out, F9 (Flyball, 9LM)
Batting: RHB Jing-sheng Joo 0-0: Ground out 6-3 (Groundball, 6)
Bottom of the 3rd over - 0 runs, 0 hits, 0 errors, 0 left on base; Plymouth 0 - Calgary 0
TOP OF THE 4TH
Plymouth Rocks batting - Pitching for Calgary Lynx : RHP José Marroquín
Batting: RHB Sadakuno Taketo 0-0: Ground out 4-3 (Groundball, 4)
Batting: RHB Cosmo Bjorkenheim 0-0: Ball
1-0: Called Strike
1-1: Swinging Strike
1-2: Foul Ball, location: 2F
1-2: Foul Ball, location: 2F
1-2: Ball
2-2: Strikes out looking
Batting: RHB Hubert Dodson 0-0: Ball
1-0: Swinging Strike
1-1: Foul Ball, location: 2F
1-2: Ground out 5-3 (Groundball, 56S)
Top of the 4th over - 0 runs, 0 hits, 0 errors, 0 left on base; Plymouth 0 - Calgary 0
BOTTOM OF THE 4TH
Calgary Lynx batting - Pitching for Plymouth Rocks : LHP Zalontae Hillary
Batting: LHB Francisco Santos 0-0: Called Strike
0-1: Fly out, F9 (Line Drive, 9S)
Batting: RHB Alan Bryan 0-0: SINGLE (Line Drive, 56D)
Batting: RHB Jesús Martínez 0-0: Ball
1-0: Ball
2-0: Ball
3-0: Called Strike
3-1: Foul Ball, location: 2F
3-2: Foul Ball, location: 2F
3-2: Foul Ball, location: 2F
3-2: Foul Ball, location: 2F
3-2: Base on Balls
Alan Bryan to second
Batting: RHB Miguel Rosales 0-0: Called Strike
0-1: Foul Ball, location: 2F
0-2: Strikes out looking
Batting: RHB Álex Estrada 0-0: Called Strike
0-1: Swinging Strike
0-2: Ball
1-2: Ball
2-2: Strikes out swinging
Bottom of the 4th over - 0 runs, 1 hit, 0 errors, 2 left on base; Plymouth 0 - Calgary 0
TOP OF THE 5TH
Plymouth Rocks batting - Pitching for Calgary Lynx : RHP José Marroquín
Batting: LHB Koen van den Bogaert 0-0: Called Strike
0-1: Swinging Strike
0-2: Ball
1-2: Ball
2-2: Ground out 4-3 (Groundball, 4)
Batting: RHB Luis Guerrero 0-0: Swinging Strike
0-1: Ground out 4-3 (Groundball, 4M)
Batting: SHB Raúl Rodríguez 0-0: Fly out, F5 (Popup, 5S)
Top of the 5th over - 0 runs, 0 hits, 0 errors, 0 left on base; Plymouth 0 - Calgary 0
BOTTOM OF THE 5TH
Calgary Lynx batting - Pitching for Plymouth Rocks : LHP Zalontae Hillary
Batting: RHB Juan Martínez 0-0: Ball
1-0: Ball
2-0: Called Strike
2-1: Foul Ball, location: 2F
2-2: Foul Ball, location: 2F
2-2: Ball
3-2: Ground out 4-3 (Groundball, 4)
Batting: RHB Ieyoshi Yamamoto 0-0: Called Strike
0-1: Ball
1-1: Foul Ball, location: 2F
1-2: Foul Ball, location: 2F
1-2: Strikes out swinging
Batting: RHB Michael Garrett 0-0: Ball
1-0: Foul Ball, location: 2F
1-1: Ball
2-1: Foul Ball, location: 2F
2-2: Foul Ball, location: 2F
2-2: Fly out, F7 (Flyball, 7)
Bottom of the 5th over - 0 runs, 0 hits, 0 errors, 0 left on base; Plymouth 0 - Calgary 0
TOP OF THE 6TH
Plymouth Rocks batting - Pitching for Calgary Lynx : RHP José Marroquín
Batting: LHB Edgardo De Jesús 0-0: Swinging Strike
0-1: Ball
1-1: Ball
2-1: Called Strike
2-2: Foul Ball, location: 2F
2-2: Strikes out swinging
Batting: SHB Raúl Duarte 0-0: Ball
1-0: Fly out, F8 (Flyball, 8LM)
Batting: LHB José Castillo 0-0: Ball
1-0: Reached on error, E6 (Groundball, 6D)
Batting: RHB Sadakuno Taketo 0-0: Ball
1-0: Called Strike
1-1: Ball
2-1: Foul Ball, location: 2F
2-2: Strikes out swinging
Top of the 6th over - 0 runs, 0 hits, 1 error, 1 left on base; Plymouth 0 - Calgary 0
BOTTOM OF THE 6TH
Calgary Lynx batting - Pitching for Plymouth Rocks : LHP Zalontae Hillary
Batting: RHB Jing-sheng Joo 0-0: Called Strike
0-1: SINGLE (Groundball, 6D)
Batting: LHB Francisco Santos 0-0: Ball
1-0: Sac Bunt - play at first, batter OUT! 3-4
Jing-sheng Joo to second
Batting: RHB Alan Bryan 0-0: Ball
1-0: Ground out 5-3 (Groundball, 56)
Batting: RHB Jesús Martínez 0-0: Ball
1-0: Called Strike
1-1: Swinging Strike
1-2: Strikes out swinging
Bottom of the 6th over - 0 runs, 1 hit, 0 errors, 1 left on base; Plymouth 0 - Calgary 0
TOP OF THE 7TH
Plymouth Rocks batting - Pitching for Calgary Lynx : RHP José Marroquín
Batting: RHB Cosmo Bjorkenheim 0-0: Ball
1-0: Ball
2-0: Reached on error, E8 (Flyball, 8LD)
Batting: RHB Hubert Dodson 0-0: Sac Bunt - play at second, runner OUT! 1-6
Batting: LHB Koen van den Bogaert 0-0: Called Strike
0-1: Ball
1-1: Fly out, F7 (Flyball, 7S)
Batting: RHB Luis Guerrero 0-0: Called Strike
0-1: Foul Ball, location: 2F
0-2: Strikes out swinging
Top of the 7th over - 0 runs, 0 hits, 1 error, 1 left on base; Plymouth 0 - Calgary 0
BOTTOM OF THE 7TH
Calgary Lynx batting - Pitching for Plymouth Rocks : LHP Zalontae Hillary
Batting: RHB Miguel Rosales 0-0: Ball
1-0: DOUBLE (Line Drive, 9LD)
Batting: RHB Álex Estrada 0-0: Called Strike
0-1: Fly out, F8 (Flyball, 8LM)
Batting: RHB Juan Martínez 0-0: Ball
1-0: Called Strike
1-1: Fly out, F7 (Flyball, 7S)
Batting: RHB Ieyoshi Yamamoto 0-0: Ball
1-0: Foul Ball, location: 2F
1-1: Foul Ball, location: 2F
1-2: Fly out, F8 (Flyball, 8LS)
Bottom of the 7th over - 0 runs, 1 hit, 0 errors, 1 left on base; Plymouth 0 - Calgary 0
TOP OF THE 8TH
Plymouth Rocks batting - Pitching for Calgary Lynx : RHP José Marroquín
Batting: SHB Raúl Rodríguez 0-0: Ball
1-0: Called Strike
1-1: Ball
2-1: Fly out, F4 (Popup, 4M)
Batting: LHB Edgardo De Jesús 0-0: Foul Ball, location: 2F
0-1: Swinging Strike
0-2: Strikes out swinging
Batting: SHB Raúl Duarte 0-0: Ball
1-0: Foul Ball, location: 2F
1-1: Swinging Strike
1-2: Ball
2-2: Ball
3-2: Ground out 5-3 (Groundball, 5)
Top of the 8th over - 0 runs, 0 hits, 0 errors, 0 left on base; Plymouth 0 - Calgary 0
BOTTOM OF THE 8TH
Calgary Lynx batting - Pitching for Plymouth Rocks : LHP Zalontae Hillary
Batting: RHB Michael Garrett 0-0: Swinging Strike
0-1: Ball
1-1: Called Strike
1-2: Ball
2-2: Strikes out swinging
Batting: RHB Jing-sheng Joo 0-0: Called Strike
0-1: SINGLE (Line Drive, 56)
Batting: LHB Francisco Santos 0-0: Ball
1-0: Foul Ball, location: 2F
1-1: Ball
2-1: Ball
3-1: Foul Ball, location: 2F
3-2: SINGLE (Groundball, 34D)
Jing-sheng Joo to second
Runner from 2nd tries for 3rd, SAFE, no throw
Batting: RHB Alan Bryan 0-0: Called Strike
0-1: Ball
1-1: Ball
2-1: Fly out, F8 (Flyball, 8LD)
Runner from 3rd tags up, OUT at HOME
Bottom of the 8th over - 0 runs, 2 hits, 0 errors, 1 left on base; Plymouth 0 - Calgary 0
TOP OF THE 9TH
Plymouth Rocks batting - Pitching for Calgary Lynx : RHP José Marroquín
Pitching: RHP Mark Simmons
Batting: LHB José Castillo 0-0: Ball
1-0: Called Strike
1-1: Foul Ball, location: 2F
1-2: Foul Ball, location: 2F
1-2: Strikes out swinging
Pitching: RHP Juan Deliz
Batting: RHB Sadakuno Taketo 0-0: Ball
1-0: Foul Ball, location: 2F
1-1: Called Strike
1-2: Strikes out swinging
Batting: RHB Cosmo Bjorkenheim 0-0: Called Strike
0-1: Called Strike
0-2: Strikes out swinging, 2-3 out at first.
Top of the 9th over - 0 runs, 0 hits, 0 errors, 0 left on base; Plymouth 0 - Calgary 0
BOTTOM OF THE 9TH
Calgary Lynx batting - Pitching for Plymouth Rocks : LHP Zalontae Hillary
Batting: RHB Jesús Martínez 0-0: Called Strike
0-1: Ground out 4-3 (Groundball, 4)
Batting: RHB Miguel Rosales 0-0: SINGLE (Flyball, 8LM)
Batting: RHB Álex Estrada 0-0: Foul Ball, location: 2F
0-1: Fielders Choice at 2nd, 5-4 (Groundball, 56)
Batting: RHB Juan Martínez 0-0: Ball
Álex Estrada is caught stealing 2nd base
Bottom of the 9th over - 0 runs, 1 hit, 0 errors, 0 left on base; Plymouth 0 - Calgary 0
TOP OF THE 10TH
Plymouth Rocks batting - Pitching for Calgary Lynx : RHP Juan Deliz
Batting: RHB Hubert Dodson 0-0: Ball
1-0: Called Strike
1-1: Ball
2-1: Foul Ball, location: 2F
2-2: Ball
3-2: SINGLE (Groundball, 34D)
Batting: LHB Koen van den Bogaert 0-0: Foul Ball, location: 2F
0-1: Ball
1-1: Ball
2-1: Fielders Choice at 2nd, 4-6 (Groundball, 4)
Batting: RHB Luis Guerrero 0-0: Ball
1-0: Ball
2-0: Ball
3-0: Called Strike
3-1: Fly out, F9 (Flyball, 9LSF)
Pinch Hitting: SHB Roku Hara 0-0: Fly out, F6 (Line Drive, 6)
Top of the 10th over - 0 runs, 1 hit, 0 errors, 1 left on base; Plymouth 0 - Calgary 0
BOTTOM OF THE 10TH
Calgary Lynx batting - Pitching for Plymouth Rocks : LHP Zalontae Hillary
Pitching: LHP Roberto Aguirre
Now at C: Chris Teague
Batting: RHB Juan Martínez 0-0: Foul Ball, location: 2F
0-1: Fly out, F8 (Flyball, 78D)
Batting: RHB Ieyoshi Yamamoto 0-0: Ball
1-0: Fly out, F8 (Flyball, 8LXD)
Batting: RHB Michael Garrett 0-0: Ground out 6-3 (Groundball, 6)
Bottom of the 10th over - 0 runs, 0 hits, 0 errors, 0 left on base; Plymouth 0 - Calgary 0
TOP OF THE 11TH
Plymouth Rocks batting - Pitching for Calgary Lynx : RHP Juan Deliz
Batting: LHB Edgardo De Jesús 0-0: Called Strike
0-1: Ball
1-1: Swinging Strike
1-2: SINGLE (Line Drive, 89S)
Batting: SHB Raúl Duarte 0-0: Sac Bunt - play at first, batter OUT! 3-4
Edgardo De Jesús to second
Batting: LHB José Castillo 0-0: Called Strike
0-1: Ground out 5-3 (Groundball, 56)
Batting: RHB Sadakuno Taketo 0-0: Ground out 4-3 (Groundball, 4)
Top of the 11th over - 0 runs, 1 hit, 0 errors, 1 left on base; Plymouth 0 - Calgary 0
BOTTOM OF THE 11TH
Calgary Lynx batting - Pitching for Plymouth Rocks : LHP Roberto Aguirre
Batting: RHB Jing-sheng Joo 0-0: Foul Ball, location: 2F
0-1: Foul Ball, location: 2F
0-2: Ground out 5-3 (Groundball, 5)
Batting: LHB Francisco Santos 0-0: Called Strike
0-1: Foul Ball, location: 2F
0-2: Strikes out swinging
Batting: RHB Alan Bryan 0-0: Called Strike
0-1: Foul Ball, location: 2F
0-2: Ball
1-2: Fly out, F7 (Flyball, 7S)
Bottom of the 11th over - 0 runs, 0 hits, 0 errors, 0 left on base; Plymouth 0 - Calgary 0
TOP OF THE 12TH
Plymouth Rocks batting - Pitching for Calgary Lynx : RHP Juan Deliz
Pitching: RHP Andy Perry
Batting: RHB Cosmo Bjorkenheim 0-0: Swinging Strike
0-1: Ground out 6-3 (Groundball, 6)
Batting: RHB Hubert Dodson 0-0: Ball
1-0: Ball
2-0: Ball
3-0: Called Strike
3-1: Base on Balls
Batting: LHB Koen van den Bogaert 0-0: Swinging Strike
0-1: Fly out, F7 (Flyball, 7D)
Batting: RHB Luis Guerrero 0-0: Ball
1-0: Ball
2-0: Called Strike
2-1: Ball
3-1: SINGLE (Groundball, 56D)
Hubert Dodson to second
Batting: RHB Chris Teague 0-0: Called Strike
0-1: Ball
1-1: Swinging Strike
1-2: Foul Ball, location: 2F
1-2: Ball
2-2: Foul Ball, location: 2F
2-2: Foul Ball, location: 2F
2-2: Ball
3-2: Foul Ball, location: 2F
3-2: Base on Balls
Hubert Dodson to third
Luis Guerrero to second
Batting: LHB Edgardo De Jesús 0-0: Ball
1-0: Ground out U3 (Groundball, 34)
Top of the 12th over - 0 runs, 1 hit, 0 errors, 3 left on base; Plymouth 0 - Calgary 0
BOTTOM OF THE 12TH
Calgary Lynx batting - Pitching for Plymouth Rocks : LHP Roberto Aguirre
Pitching: LHP Luis Arreola
Batting: RHB Jesús Martínez 0-0: Swinging Strike
0-1: SINGLE (Flyball, 7S)
Batting: RHB Miguel Rosales 0-0: Ball
1-0: Swinging Strike
1-1: Ball
2-1: Ball
3-1: SINGLE (Line Drive, 56)
Jesús Martínez to second
Batting: RHB Álex Estrada 0-0: Ball
1-0: Ball
2-0: Ball
3-0: Base on Balls
Jesús Martínez to third
Miguel Rosales to second
Batting: RHB Juan Martínez 0-0: Ball
1-0: Called Strike
1-1: Swinging Strike
1-2: Grounds into fielders choice 4-2 (Groundball, 4S)
Miguel Rosales to third
Álex Estrada to second
Batting: RHB Ieyoshi Yamamoto 0-0: Called Strike
0-1: Ball
Wild Pitch!
Miguel Rosales scores
Sunday, March 18th, 2018 - OOTP Baseball 18.8 Build 76